 Dungeon Crawl Stone Soup version 0.22-a0-542-gce4f928 (webtiles) character file.

6 iamserjio the Vexing (level 1, -1/13 HPs)
             Began as an Octopode Arcane Marksman on June 24, 2018.
             Slain by a frilled lizard (3 damage)
             ... on level 1 of the Dungeon.
             The game lasted 00:00:45 (46 turns).

iamserjio the Vexing (Octopode Arcane Marksman)       Turns: 46, Time: 00:00:45

Health: -1/13      AC:  1    Str:  9    XL:     1   Next: 90%
Magic:  2/2        EV: 13    Int: 15    God:
Gold:   0          SH:  0    Dex: 12    Spells: 1/2 levels left

rFire    . . .     SeeInvis .   a - +0 hunting sling
rCold    . . .     Gourm    .   (no shield)
rNeg     . . .     Faith    .   (helmet restricted)
rPois    .         Spirit   .   (no amulet)
rElec    .         Reflect  .   (no ring)
rCorr    .         Harm     .   (no ring)
MR       .....                  (no ring)
Stlth    ++........             (no ring)
HPRegen  0.04/turn              (no ring)
MPRegen  0.08/turn              (no ring)
                                (no ring)
                                (no ring)

@: no status effects
A: almost no armour, stealthy swim, amphibious, 8 rings, constrict 8, camouflage
1, gelatinous body 1
a: no special abilities


You were on level 1 of the Dungeon.
You were not hungry.

You visited 1 branch of the dungeon, and saw 1 of its levels.

Inventory:

Hand Weapons
 a - a +0 hunting sling (weapon)
 f - a +0 short sword
Missiles
 c - 9 sling bullets (quivered)
Armour
 g - a +0 buckler
Scrolls
 b - a scroll of identify {unknown}
Potions
 e - a potion of curing {unknown}
Comestibles
 d - a ration


   Skills:
 + Level 1.2 Fighting
 - Level 2.0 Slings
 * Level 2.3 Dodging
 + Level 0.8 Stealth
 - Level 1.0 Spellcasting
 - Level 3.0 Hexes


You had one spell level left.
You knew the following spells:

 Your Spells              Type           Power        Failure   Level  Hunger
a - Corona                Hex            #......      7%          1    ##.....

Your spell library contained the following spells:

 Spells                   Type           Power        Failure   Level  Hunger
 Cause Fear               Hex            #.........   56%         4    #####..
 Slow                     Hex            #.......     11%         2    ###....
 Portal Projectile        Hex/Tloc       #.....       36%         3    ####...
 Leda's Liquefaction      Hex/Erth       #.........   78%         4    #####..
 Inner Flame              Hex/Fire       #.......     36%         3    ####...


Dungeon Overview and Level Annotations

Branches:
Dungeon (1/15)

Altars:


Innate Abilities, Weirdness & Mutations

You cannot wear most types of armour.
You are very stealthy in the water. (Stealth+)
You are amphibious.
You can wear up to eight rings at the same time.
You can use your tentacles to constrict eight enemies at once.
Your skin changes colour to match your surroundings (Stealth+).
Your rubbery body absorbs attacks. (AC +1, EV +1)


Message History

The sling bullet hits the kobold but does no damage.
The kobold is severely wounded.
Firing (i - inventory)
c - 11 sling bullets (quivered)
Press: ? - help, Shift-Dir - straight line, f/p - kobold
Aim: a kobold, wielding a short sword (severely wounded)
You shoot a sling bullet.
The sling bullet closely misses the frilled lizard.
The sling bullet closely misses the kobold.
The sling bullet closely misses the goblin.
The frilled lizard barely misses you.
Firing (i - inventory)
c - 10 sling bullets (quivered)
Press: ? - help, Shift-Dir - straight line, f/p - kobold
Aim: a kobold, wielding a short sword (severely wounded)
You shoot a sling bullet.
The sling bullet closely misses the frilled lizard.
The sling bullet barely misses the kobold.
The sling bullet hits the goblin.
You kill the goblin!
The frilled lizard bites you.
You die...

#..# #.. #..#
###.###..### ## .>..
..... .. ..# #..### .#
#####.# #†.#.#..#
......###..#.#..###.
#.........K...((.
####......(.@l..((.(
##.....#.#..###?.....
...(................#..
#.........#†....#...#
####.###..#.....#...#
#. #..#.....#...# #
#..#.....#...#
##.#..<..#...
#.#.....#..#


You could see a kobold and a frilled lizard.

Vanquished Creatures
  A giant cockroach (D:1)
  2 goblins (D:1)
  A kobold (D:1)
  2 rats (D:1)
6 creatures vanquished.

Notes
Turn   | Place    | Note
-------+----------+-------------------------------------------
     0 | D:1      | iamserjio the Octopode Arcane Marksman began the quest for the Orb.
     0 | D:1      | Reached XP level 1. HP: 13/13 MP: 2/2
    46 | D:1      | Slain by a frilled lizard

Vault maps used:
D:1:      minmay_arrival_semitransparent, minmay_misc_feat_nine_boxes

Action                   || total
-------------------------++-------
 Fire: Hunting sling     ||    20
Dodge: Dodged            ||     8

Table legend:
 A = Spawn XP
 B = Non-spawn XP
 C = Spawn XP percentage of total XP
 D = Spawn monster count
 E = Non-spawn monster count
 F = Spawn count percentage of total count
 G = Total turns spent on level
                    A         B        C        D         E        F      G
               +---------+---------+-------+---------+---------+-------+---------
         Total |       0 |       9 |   0.0 |       0 |       6 |   0.0 |    46
               +---------+---------+-------+---------+---------+-------+---------
           D:1 |       0 |       9 |   0.0 |       0 |       6 |   0.0 |    46
               +---------+---------+-------+---------+---------+-------+---------
